 Dungeon Crawl Stone Soup version 0.26.1-11-gd32895ea62 (webtiles) character file.

Game seed: 17814536964749989864

275 buriedalive the Chiller (level 6, 0/32 HPs)
             Began as a Deep Elf Ice Elementalist on May 20, 2021.
             Was an Initiate of Ashenzari.
             Slain by a bullfrog skeleton (3 damage)
             ... on level 4 of the Dungeon.
             The game lasted 00:10:08 (4280 turns).

buriedalive the Chiller (Deep Elf Ice Elementalist) Turns: 4280, Time: 00:10:08

Health: 0/32       AC:  3    Str:  4 (5)  XL:     6   Next: 3%
Magic:  14/15      EV: 13    Int: 22      God:    Ashenzari [......]
Gold:   231        SH:  0    Dex: 14 (15) Spells: 8/15 levels left

rFire    . . .     SeeInvis .   r - +0 dagger
rCold    + . .     Faith    .   (no shield)
rNeg     . . .     Spirit   .   h - +0 leather armour
rPois    .         Reflect  .   (helmet restricted)
rElec    .         Harm     .   (no cloak)
rCorr    .         Rampage  .   (no gloves)
Will     +....                  (no boots)
Stlth    ++........             (no amulet)
HPRegen  0.10/turn              c - ring of protection from cold
MPRegen  0.14/turn              n - ring of willpower

@: no status effects
A: horns 1, talons 1, deterioration 1, wild magic 1
a: Renounce Religion, Curse Item


You were on level 4 of the Dungeon.
You worshipped Ashenzari.
Ashenzari was noncommittal.
You visited 1 branch of the dungeon, and saw 4 of its levels.

You collected 231 gold pieces.

Inventory:

Hand Weapons
 r - a +0 dagger (weapon)
Missiles
 o - 19 poisoned darts
 p - 104 stones
 s - 2 silver boomerangs
Armour
 a - a +0 robe
 h - a +0 leather armour (worn)
 q - a +0 helmet
 t - a cursed +0 leather armour
Jewellery
 c - a ring of protection from cold (left hand)
 f - an uncursed ring of stealth
 n - a ring of willpower (right hand)
 z - an uncursed amulet of the acrobat
 A - an uncursed amulet of faith
Scrolls
 d - a scroll of remove curse
 j - a scroll of fear {unknown}
 u - a scroll of enchant armour {unknown}
 v - a scroll of random uselessness {unknown}
 w - 3 scrolls of identify
 x - a scroll of teleportation {unknown}
 y - a scroll of immolation {unknown}
Potions
 b - a potion of degeneration
 e - a potion of attraction {unknown}
 g - a potion of ambrosia
 i - a potion of flight {unknown}
 k - 4 potions of lignification {unknown}
 l - a potion of invisibility
 m - a potion of brilliance {unknown}


   Skills:
 - Level 4.4 Dodging
 - Level 2.4 Stealth
 - Level 5.0 Spellcasting
 + Level 6.3 Ice Magic


You had 8 spell levels left.
You knew the following spells:

 Your Spells              Type           Power        Failure   Level
a - Freeze                Ice            100%         2%          1
b - Frozen Ramparts       Ice            86%          7%          3
c - Ozocubu's Armour      Ice            43%          7%          3

Your spell library contained the following spells:

 Spells                   Type           Power        Failure   Level
 Hailstorm                Conj/Ice       25%          52%         4
 Summon Ice Beast         Ice/Summ       25%          52%         4


Dungeon Overview and Level Annotations

Branches:
Dungeon (4/15)
 Temple: D:4-7

Altars:
Ashenzari
Dithmenos
Hepliaklqana
Sif Muna
Uskayaw
Vehumet
Wu Jian


Innate Abilities, Weirdness & Mutations

You have a pair of small horns on your head.
You have sharp toenails.
Your body sometimes deteriorates upon taking damage.
Your spells are a little harder to cast, but a little more powerful.


Message History

Your experience leads to an increase in your attributes!
Your base attributes are Str 5, Int 21, Dex 15.
Increase (S)trength, (I)ntelligence, or (D)exterity?
You feel clever.
You hit the bullfrog skeleton.
The bullfrog skeleton is lightly damaged.
The bullfrog skeleton barely misses you.
The bullfrog skeleton misses you.
You hit the bullfrog skeleton.
The bullfrog skeleton is lightly damaged.
The bullfrog skeleton hits you.
* * * LOW HITPOINT WARNING * * *
You hit the bullfrog skeleton but do no damage.
The bullfrog skeleton is lightly damaged.
The bullfrog skeleton barely misses you.
Unknown command.
You hit the bullfrog skeleton.
The bullfrog skeleton is moderately damaged.
The bullfrog skeleton hits you.
You die...

.# #....#.........
.####### ....#....[....
.......##............
.........###........
..†......#........######
.........#..............
.........#...#<.#.......
.............#.##.......
###..........>.Z@.......
#...........###.##..##
#..................
............###......
#............# ...#.#
#....######...# ...# .#
##### #...# ##.. .
...... ### #.......


You could see a bullfrog skeleton.

Vanquished Creatures
  A howler monkey (D:4)
  A bullfrog skeleton (D:4)
  Robin (D:2)
  4 gnolls (D:3)
  5 adders
  An ooze (D:1)
  4 worms
  2 leopard geckos
  4 orcs (D:3)
  A ball python (D:1)
  6 giant cockroaches
  11 goblins
  11 hobgoblins
  7 bats
  3 frilled lizards
  5 kobolds
  A leopard gecko skeleton (D:2)
  4 rats
72 creatures vanquished.

Vanquished Creatures (others)
  An orc wizard (D:3)
1 creature vanquished.

Grand Total: 73 creatures vanquished

Notes
Turn   | Place    | Note
-------+----------+-------------------------------------------
     0 | D:1      | buriedalive the Deep Elf Ice Elementalist began the quest
                  | for the Orb.
     0 | D:1      | Reached XP level 1. HP: 10/10 MP: 6/6
   274 | D:1      | Reached XP level 2. HP: 7/15 MP: 4/8
  1234 | D:1      | Reached XP level 3. HP: 18/19 MP: 6/10
  1383 | D:2      | Found a radiant altar of Vehumet.
  1719 | D:2      | Found a shimmering blue altar of Sif Muna.
  1950 | D:2      | Found a broken altar of Ashenzari.
  1957 | D:2      | Became a worshipper of Ashenzari the Shackled
  2539 | D:2      | Noticed Robin
  2548 | D:2      | Learned a level 3 spell: Frozen Ramparts
  2550 | D:2      | Reached skill level 5 in Ice Magic
  2552 | D:2      | Killed Robin
  2553 | D:2      | Reached XP level 4. HP: 24/24 MP: 7/12
  2614 | D:2      | Learned a level 3 spell: Ozocubu's Armour
  3342 | D:3      | Reached XP level 5. HP: 27/28 MP: 10/14
  3360 | D:3      | Gained mutation: You possess an exceptional clarity of
                  | mind. [potion of mutation]
  3360 | D:3      | Gained mutation: You are frail. (-10% HP) [potion of
                  | mutation]
  3360 | D:3      | Gained mutation: You have a pair of small horns on your
                  | head. [potion of mutation]
  3360 | D:3      | Gained mutation: You have sharp toenails. [potion of
                  | mutation]
  3361 | D:3      | Lost mutation: You possess an exceptional clarity of mind.
                  | [potion of mutation]
  3361 | D:3      | Lost mutation: You are frail. (-10% HP) [potion of
                  | mutation]
  3361 | D:3      | Lost mutation: You have a pair of small horns on your head.
                  | [potion of mutation]
  3361 | D:3      | Gained mutation: You have a pair of small horns on your
                  | head. [potion of mutation]
  3361 | D:3      | Gained mutation: Your body sometimes deteriorates upon
                  | taking damage. [potion of mutation]
  3361 | D:3      | Gained mutation: Your spells are a little harder to cast,
                  | but a little more powerful. [potion of mutation]
  3743 | D:3      | Reached skill level 5 in Spellcasting
  3942 | D:3      | Found a shadowy altar of Dithmenos.
  4044 | D:3      | Found an ornate altar of the Wu Jian Council.
  4050 | D:3      | Found a hazy altar of Hepliaklqana.
  4055 | D:3      | Found a hide-covered altar of Uskayaw.
  4122 | D:4      | Reached skill level 6 in Ice Magic
  4277 | D:4      | Reached XP level 6. HP: 9/32 MP: 13/15
  4280 | D:4      | Slain by a bullfrog skeleton

Illustrated notes

Levels and vault maps discovered:
D:1:      minmay_arrival_doors, layout_loops_cross, minmay_small_reverse_x
D:2:      layout_loops_corners, led_sif_pool, lemuel_round_altar,
          vehumet_crystals, uniq_robin
D:3:      layout_basic, minmay_overflow_temple_star_quad, chequers_avenue,
          grunt_dithmenos_smoke
D:4:      layout_basic, kennysheep_mini_moat, nicolae_overflow_hidden_temple,
          minmay_quantized

Skill      XL: |  1  2  3  4  5 |
---------------+----------------+-----
Dodging        | 3 4 |  4.4
Spellcasting   | 4 5 |  5.0
Ice Magic      | 5 6 |  6.3
Stealth        | |  2.4

Action                   |  1- 3 |  4- 6 || total
-------------------------+-------+-------++-------
Melee: Unarmed           |    59 |       ||    59
       Dagger            |       |    58 ||    58
       Kick              |       |    10 ||    10
       Headbutt          |       |     3 ||     3
 Cast: Freeze            |    48 |    44 ||    92
       Frozen Ramparts   |     1 |     2 ||     3
  Use: Potion            |       |     3 ||     3
       Scroll            |       |     4 ||     4
 Stab: Sleeping          |       |     2 ||     2
Armor: Robe              |     7 |       ||     7
       Leather armour    |    17 |    15 ||    32
Dodge: Dodged            |    66 |    48 ||   114
